Little Stars vs Mustangs
(R2)
Created - December 9, 2019 at 19:02
Goals
|
| Little Stars |
1 |
1 |
2 |
4 |
| Mustangs |
1 |
0 |
1 |
2 |
|
Shots
|
| Little Stars |
12 |
13 |
5 |
30 |
| Mustangs |
11 |
20 |
10 |
41 |
|
1st period
1. Mustangs , Craig Smith 10 (Stefan Matteau 12, Chet Pickard) at 6:06 (PP)
2. Little Stars , Tyson Barrie 3 (Emile Poirier 5, Evgeny Kuznetsov 22) at 18:09
Penalties :
Eric Knodel (Tex) for High sticking (Minor) at 1:08, Sebastian Wannstrom (Tex) for Tripping (Minor) at 5:32, Raphael Bussieres (Ham) for Hooking (Minor) at 10:08, Eric Knodel (Tex) for Holding (Minor) at 15:58, Josh Jooris (Ham) for Hooking (Minor) at 19:39
2nd period
3. Little Stars , Scott Kosmachuck 11 (Eric Knodel 6, Evgeny Kuznetsov 23) at 14:09
Penalties :
Reece Willcox (Tex) for Holding (Minor) at 8:51, Melker Karlsson (Ham) for Holding (Minor) at 17:23, Jesse Joensuu (Tex) for Tripping (Minor) at 18:51
3rd period
4. Little Stars , Zach Budish 1 (Dana Tyrell 11, Patrick Wiercioch 8) at 3:03 (PP)
5. Mustangs , Nick Schmaltz 8 (Curtis Hamilton 6, Jonathan Drouin 10) at 12:51
6. Little Stars , Scott Kosmachuck 12 (Jesse Joensuu 18, Anton Cederholm 6) at 19:29 (Empty Net)
Penalties :
Craig Smith (Ham) for Roughing (Minor) at 1:43, Michael Mersch (Tex) for Holding (Minor) at 6:02, Zach Budish (Tex) for Slashing (Minor) at 14:10, Scott Kosmachuck (Tex) for Hooking (Minor) at 19:49
Goalie Stats
Matt Murray (Tex), 39 saves from 41 shots - (0.951), W, 9-6-2, 60:00 minutes
Chet Pickard (Ham), 26 saves from 29 shots - (0.897), L, 9-6-0, 59:31 minutes
Players Stats for Little Stars
Player Name G A P +/- PIM S H SB GA TA FO MP PP MP PK MP
------------------------------------------------------------------------------------
Anton Cederholm 0 1 1 1 0 0 0 1 0 0 0/0 9:26 0:00 0:00
Dana Tyrell 0 1 1 -1 0 1 1 1 1 1 5/6 22:02 3:11 6:59
Daniel O'regan 0 0 0 2 0 3 1 1 0 0 3/8 10:28 0:10 0:00
Daniil Tarasov 0 0 0 0 0 1 0 0 0 0 1/1 6:55 0:00 1:47
Emile Poirier 0 1 1 1 0 0 0 0 0 2 0/0 10:08 0:00 0:26
Eric Knodel 0 1 1 1 4 1 1 1 1 0 0/0 20:26 3:05 4:17
Evgeny Kuznetsov 0 2 2 1 0 4 1 3 0 0 19/41 25:27 3:35 6:59
Jason Dickinson 0 0 0 0 0 0 0 0 0 1 0/2 4:28 0:00 0:00
Jesse Joensuu 0 1 1 2 2 1 3 0 1 0 1/6 21:40 3:24 3:21
Michael Mersch 0 0 0 -1 2 1 0 0 0 0 1/2 15:22 3:11 0:44
Patrick Wiercioch 0 1 1 1 0 1 3 2 0 0 0/0 21:59 3:05 5:48
Reece Willcox 0 0 0 1 2 1 2 1 0 0 0/0 11:03 0:00 1:31
Scott Kosmachuck 2 0 2 2 2 6 1 1 1 1 1/5 21:40 3:25 3:58
Sebastian Wannstrom 0 0 0 1 2 1 0 0 0 0 0/0 10:03 0:10 0:00
Shane Gersich 0 0 0 0 0 0 0 0 0 0 0/0 4:28 0:00 0:00
Tyler Wotherspoon 0 0 0 0 0 4 2 2 0 1 0/0 28:35 3:41 6:19
Tyson Barrie 1 0 1 0 0 3 1 2 0 1 0/0 28:35 3:41 6:19
Zach Budish 1 0 1 -1 2 2 0 0 1 0 0/1 14:29 3:11 0:00
Players Stats for Mustangs
Player Name G A P +/- PIM S H SB GA TA FO MP PP MP PK MP
------------------------------------------------------------------------------------
Alex Tuch 0 0 0 0 0 0 1 0 0 0 0/0 8:44 0:00 0:00
Alexei Marchenko 0 0 0 -1 0 4 3 0 0 0 0/0 28:28 6:08 3:27
Chrstian Dvorak 0 0 0 -1 0 1 1 0 0 1 0/0 17:09 5:19 0:00
Craig Smith 1 0 1 -1 2 3 1 1 1 1 0/0 17:45 5:19 0:37
Curtis Hamilton 0 1 1 0 0 4 1 1 0 0 0/0 12:16 0:13 2:42
Dakota Mermis 0 0 0 -2 0 3 1 2 0 0 0/0 22:06 5:59 3:19
Danny Biega 0 0 0 1 0 0 1 0 0 0 0/0 9:26 0:00 0:00
Iven Barbashev 0 0 0 0 0 1 0 0 0 0 4/5 5:44 0:00 0:00
Jonathan Drouin 0 1 1 -1 0 7 1 0 0 0 1/1 20:20 6:35 0:00
Josh Jooris 0 0 0 -1 2 3 3 0 1 0 2/3 24:13 6:35 2:55
Matthew Finn 0 0 0 1 0 0 0 1 1 0 0/0 9:26 0:00 0:00
Max Gortz 0 0 0 0 0 0 0 1 0 0 0/0 5:44 0:00 0:00
Melker Karlsson 0 0 0 -1 2 5 3 2 1 0 23/39 24:17 6:48 3:13
Nick Schmaltz 1 0 1 0 0 3 0 0 1 0 5/7 9:53 0:13 0:41
Raphael Bussieres 0 0 0 0 2 0 2 0 0 0 0/0 6:16 0:00 0:32
Roman Josi 0 0 0 -1 0 1 1 0 0 2 0/0 28:28 6:08 3:27
Ryan Pulock 0 0 0 -2 0 3 0 2 0 1 0/0 22:06 5:59 3:19
Stefan Matteau 0 1 1 -1 0 3 2 1 2 0 6/17 20:18 5:19 2:52
3 Stars
1 - Scott Kosmachuck (Tex)
2 - Matt Murray (Tex)
3 - Evgeny Kuznetsov (Tex)
Power Play
Little Stars - 1 on 4 Attempt(s) - 25.00%
Mustangs - 1 on 8 Attempt(s) - 12.50%
Penalty Kill
Little Stars - 7 on 8 Attempt(s) - 87.50%
- Score 0 goal in Penalty Kill
Mustangs - 3 on 4 Attempt(s) - 75.00%
- Score 0 goal in Penalty Kill
Team Stat
Little Stars - Hits : 16 - Faceoff Wins : 31 - Blocked Shots : 15 - Penalty Minutes : 16
Mustangs - Hits : 21 - Faceoff Wins : 41 - Blocked Shots : 11 - Penalty Minutes : 8
Official
Referees : Unknown
Linesman : Unknown
Game Notes
Scott Kosmachuck has scored in a empty net!
Finance
Level 1 -- Attendance: 1466 (73.30%) -- Ticket Income $58,640
Level 2 -- Attendance: 755 (75.50%) -- Ticket Income $15,100
Total Attendance: 2221 (74.03%)
Total Ticket Income: $73,740
Other Income: $3,687
Total Income: $77,427
Little Stars
5 vs 5 Forward
Center Left Wing Right Wing Time % Phy DF OF
1 Evgeny Kuznetsov Jesse Joensuu Scott Kosmachuck 40 1 2 2
2 Dana Tyrell Michael Mersch Zach Budish 30 1 2 2
3 Daniel O'regan Emile Poirier Sebastian Wannstrom 20 1 2 2
4 Jason Dickinson Shane Gersich Daniil Tarasov 10 1 2 2
5 vs 5 Defense
Defense Defense Time % Phy DF OF
1 Tyson Barrie Tyler Wotherspoon 40 1 2 2
2 Patrick Wiercioch Eric Knodel 30 1 2 2
3 Anton Cederholm Reece Willcox 20 1 2 2
4 Tyson Barrie Tyler Wotherspoon 10 1 2 2
PowerPlay Forward
Center Left Wing Right Wing Time % Phy DF OF
1 Evgeny Kuznetsov Jesse Joensuu Scott Kosmachuck 60 0 2 3
2 Dana Tyrell Michael Mersch Zach Budish 40 0 2 3
PowerPlay Defense
Defense Defense Time % Phy DF OF
1 Tyson Barrie Tyler Wotherspoon 60 0 2 3
2 Patrick Wiercioch Eric Knodel 40 0 2 3
Penalty Kill 4 Players Forward
Center Wing Time % Phy DF OF
1 Evgeny Kuznetsov Dana Tyrell 60 0 3 2
2 Jesse Joensuu Scott Kosmachuck 40 0 3 2
Penalty Kill 4 Players Defense
Defense Defense Time % Phy DF OF
1 Tyson Barrie Tyler Wotherspoon 60 0 3 2
2 Patrick Wiercioch Eric Knodel 40 0 3 2
Penalty Kill - 3 Players Forward
Forward Time % Phy DF OF
1 Evgeny Kuznetsov 60 0 3 2
2 Dana Tyrell 40 0 3 2
Penalty Kill - 3 Players Defense
Defense Defense Time % Phy DF OF
1 Tyson Barrie Tyler Wotherspoon 60 0 3 2
2 Patrick Wiercioch Eric Knodel 40 0 3 2
4 vs 4 Forward
Center Wing Time % Phy DF OF
1 Evgeny Kuznetsov Dana Tyrell 60 1 2 2
2 Jesse Joensuu Scott Kosmachuck 40 1 2 2
4 vs 4 Defense
Defense Defense Time % Phy DF OF
1 Tyson Barrie Tyler Wotherspoon 60 1 2 2
2 Patrick Wiercioch Eric Knodel 40 1 2 2
Last Minutes Offensive
Center Left Wing Right Wing Defense Defense
Evgeny Kuznetsov Jesse Joensuu Scott Kosmachuck Tyson Barrie Tyler Wotherspoon
Last Minutes Defensive
Center Left Wing Right Wing Defense Defense
Evgeny Kuznetsov Jesse Joensuu Scott Kosmachuck Tyson Barrie Tyler Wotherspoon
Goaltenders
Starting : Matt Murray
Backup : Peter Delmas
Extra Forwards
Normal : Daniel O'regan, Sebastian Wannstrom, Daniil Tarasov - PP : Daniel O'regan, Sebastian Wannstrom - PK : Daniil Tarasov
Extra Defensemen
Normal : Anton Cederholm, Reece Willcox, Patrick Wiercioch - PP : Anton Cederholm - PK : Reece Willcox, Patrick Wiercioch
Penalty Shots
Evgeny Kuznetsov, Dana Tyrell, Jesse Joensuu, Scott Kosmachuck, Zach Budish
Scratches
Adam Tambellini (Broken Bone (Right Leg) Injury), Justin Auger (Healthy), Ville Pokka (Healthy), Tucker Poolman (Healthy), Radel Fazleev (Healthy)
Julien Nantel (Healthy), Connor Knapp (Healthy), Spencer Martin (Healthy)
Mustangs
5 vs 5 Forward
Center Left Wing Right Wing Time % Phy DF OF
1 Melker Karlsson Jonathan Drouin Josh Jooris 40 1 2 2
2 Stefan Matteau Chrstian Dvorak Craig Smith 30 1 2 2
3 Nick Schmaltz Curtis Hamilton Alex Tuch 20 1 2 2
4 Iven Barbashev Raphael Bussieres Max Gortz 10 1 2 2
5 vs 5 Defense
Defense Defense Time % Phy DF OF
1 Roman Josi Alexei Marchenko 44 1 2 2
2 Ryan Pulock Dakota Mermis 33 1 2 2
3 Danny Biega Matthew Finn 23 1 2 2
4 Roman Josi Alexei Marchenko 0 1 2 2
PowerPlay Forward
Center Left Wing Right Wing Time % Phy DF OF
1 Melker Karlsson Jonathan Drouin Josh Jooris 60 1 2 2
2 Stefan Matteau Chrstian Dvorak Craig Smith 40 1 2 2
PowerPlay Defense
Defense Defense Time % Phy DF OF
1 Roman Josi Alexei Marchenko 60 1 2 2
2 Ryan Pulock Dakota Mermis 40 1 2 2
Penalty Kill 4 Players Forward
Center Wing Time % Phy DF OF
1 Melker Karlsson Josh Jooris 60 1 2 2
2 Stefan Matteau Craig Smith 40 1 2 2
Penalty Kill 4 Players Defense
Defense Defense Time % Phy DF OF
1 Roman Josi Alexei Marchenko 60 1 2 2
2 Ryan Pulock Dakota Mermis 40 1 2 2
Penalty Kill - 3 Players Forward
Forward Time % Phy DF OF
1 Melker Karlsson 60 1 2 2
2 Stefan Matteau 40 1 2 2
Penalty Kill - 3 Players Defense
Defense Defense Time % Phy DF OF
1 Roman Josi Alexei Marchenko 60 1 2 2
2 Ryan Pulock Dakota Mermis 40 1 2 2
4 vs 4 Forward
Center Wing Time % Phy DF OF
1 Melker Karlsson Josh Jooris 60 1 2 2
2 Stefan Matteau Craig Smith 40 1 2 2
4 vs 4 Defense
Defense Defense Time % Phy DF OF
1 Roman Josi Alexei Marchenko 60 1 2 2
2 Ryan Pulock Dakota Mermis 40 1 2 2
Last Minutes Offensive
Center Left Wing Right Wing Defense Defense
Melker Karlsson Jonathan Drouin Josh Jooris Roman Josi Alexei Marchenko
Last Minutes Defensive
Center Left Wing Right Wing Defense Defense
Melker Karlsson Chrstian Dvorak Josh Jooris Roman Josi Alexei Marchenko
Goaltenders
Starting : Chet Pickard
Backup : Anthony Stolarz
Extra Forwards
Normal : Melker Karlsson, Stefan Matteau, Nick Schmaltz - PP : Chrstian Dvorak, Alex Tuch - PK : Melker Karlsson
Extra Defensemen
Normal : Roman Josi, Dakota Mermis, Danny Biega - PP : Roman Josi - PK : Alexei Marchenko, Dakota Mermis
Penalty Shots
Josh Jooris, Melker Karlsson, Stefan Matteau, Chrstian Dvorak, Jonathan Drouin
Scratches
Ryan Graves (Healthy), Ben Harpur (Suspend), Jim O'Brien (Healthy), Kurtis Gabriel (Healthy), Sam Kurker (Healthy)
Michael McCarron (Healthy), JT Compher (Right Hand Injury), Josh Ho-Sang (Healthy), Brett Pollock (Healthy), Steven Spinner (Healthy)
Joacim Eriksson (Healthy)
% Time on Ice - Little Stars
Lines # - Real PCT - Wanted PCT - Time Play
Normal Forward
1 - 38% - 40% - 15:02
2 - 27% - 30% - 10:48
3 - 24% - 20% - 9:37
4 - 11% - 10% - 4:28
Normal Defense
1 - 44% - 40% - 17:43
2 - 33% - 30% - 13:06
3 - 23% - 20% - 9:06
4 - 0% - 10% - 0:00
PP Forward
1 - 53% - 60% - 3:35
2 - 47% - 40% - 3:11
PP Defense
1 - 54% - 60% - 3:41
2 - 46% - 40% - 3:05
PK Forward
1 - 67% - 60% - 8:09
2 - 33% - 40% - 3:58
PK Defense
1 - 52% - 60% - 6:19
2 - 48% - 40% - 5:48
PK3 Forward
1 - 0% - 60%
2 - 0% - 40%
PK3 Defense
1 - 0% - 60%
2 - 0% - 40%
44 Forward
1 - 100% - 60% - 0:31
2 - 0% - 40% - 0:00
44 Defense
1 - 100% - 60% - 0:31
2 - 0% - 40% - 0:00
Last Minute Offensive - 0:00
Last Minute Defensive - 0:41
Total
Forward - 60:00
Defense - 60:00
|
% Time on Ice - Mustangs
Lines # - Real PCT - Wanted PCT - Time Play
Normal Forward
1 - 34% - 40% - 13:40
2 - 30% - 30% - 11:50
3 - 22% - 20% - 8:44
4 - 14% - 10% - 5:44
Normal Defense
1 - 46% - 44% - 18:22
2 - 30% - 33% - 12:10
3 - 24% - 23% - 9:26
4 - 0% - 0% - 0:00
PP Forward
1 - 56% - 60% - 6:48
2 - 44% - 40% - 5:19
PP Defense
1 - 51% - 60% - 6:08
2 - 49% - 40% - 5:59
PK Forward
1 - 85% - 60% - 5:47
2 - 15% - 40% - 0:59
PK Defense
1 - 51% - 60% - 3:27
2 - 49% - 40% - 3:19
PK3 Forward
1 - 0% - 60%
2 - 0% - 40%
PK3 Defense
1 - 0% - 60%
2 - 0% - 40%
44 Forward
1 - 100% - 60% - 0:31
2 - 0% - 40% - 0:00
44 Defense
1 - 100% - 60% - 0:31
2 - 0% - 40% - 0:00
Last Minute Offensive - 0:38
Last Minute Defensive - 0:00
Total
Forward - 60:00
Defense - 60:00
|
Play-by-Play
1st period
0:01 of 1st period - Scott Kosmachuck wins face-off versus Melker Karlsson in neutral zone.
0:12 of 1st period - Snap shot by Josh Jooris.
0:12 of 1st period - Stopped by Matt Murray with a rebound.
0:30 of 1st period - Slapshot by Dana Tyrell.
0:30 of 1st period - Shot Blocked by Stefan Matteau.
0:32 of 1st period - Snap shot by Zach Budish.
0:32 of 1st period - Shot Misses the Net.
0:34 of 1st period - Slapshot by Tyler Wotherspoon.
0:34 of 1st period - Deflect By Craig Smith.
0:34 of 1st period - Stopped by Chet Pickard with a rebound.
0:36 of 1st period - Slapshot by Zach Budish.
0:36 of 1st period - Stopped by Chet Pickard with a rebound.
0:54 of 1st period - Wrist shot by Curtis Hamilton.
0:54 of 1st period - Stopped by Matt Murray with a rebound.
1:08 of 1st period - Minor Penalty to Eric Knodel for High sticking.
1:09 of 1st period - Melker Karlsson wins face-off versus Evgeny Kuznetsov in Little Stars zone.
1:10 of 1st period - Snap shot by Josh Jooris.
1:10 of 1st period - Shot Blocked by Evgeny Kuznetsov.
1:14 of 1st period - Wrist shot by Jonathan Drouin.
1:14 of 1st period - Stopped by Matt Murray with a rebound.
1:16 of 1st period - Slapshot by Dakota Mermis.
1:16 of 1st period - Stopped by Matt Murray with a rebound.
1:18 of 1st period - Wrist shot by Josh Jooris.
1:18 of 1st period - Stopped by Matt Murray without a rebound.
1:19 of 1st period - Melker Karlsson wins face-off versus Evgeny Kuznetsov in Little Stars zone.
1:42 of 1st period - Snap shot by Jonathan Drouin.
1:42 of 1st period - Stopped by Matt Murray without a rebound.
1:43 of 1st period - Evgeny Kuznetsov wins face-off versus Stefan Matteau in Little Stars zone.
2:08 of 1st period - Roman Josi is hit by Reece Willcox and loses puck.
3:08 of 1st period - Penalty to Eric Knodel is over, Eric Knodel is back on ice.
3:17 of 1st period - Wrist shot by Daniel O'regan.
3:17 of 1st period - Deflect By Sebastian Wannstrom.
3:17 of 1st period - Stopped by Chet Pickard without a rebound.
3:18 of 1st period - Iven Barbashev wins face-off versus Daniel O'regan in Mustangs zone.
3:35 of 1st period - Wrist shot by Max Gortz.
3:35 of 1st period - Shot Misses the Net.
3:41 of 1st period - Dakota Mermis is hit by Daniel O'regan and loses puck.
3:52 of 1st period - Slapshot by Sebastian Wannstrom.
3:52 of 1st period - Shot Blocked by Ryan Pulock.
3:54 of 1st period - Snap shot by Tyson Barrie.
3:54 of 1st period - Deflect By Ryan Pulock.
3:54 of 1st period - Stopped by Chet Pickard without a rebound.
3:55 of 1st period - Evgeny Kuznetsov wins face-off versus Melker Karlsson in Mustangs zone.
4:10 of 1st period - Snap shot by Melker Karlsson.
4:10 of 1st period - Shot Blocked by Tyson Barrie.
4:39 of 1st period - Daniil Tarasov is hit by Alexei Marchenko and loses puck.
5:32 of 1st period - Minor Penalty to Sebastian Wannstrom for Tripping.
5:33 of 1st period - Melker Karlsson wins face-off versus Evgeny Kuznetsov in Little Stars zone.
6:06 of 1st period - Snap shot by Stefan Matteau.
6:06 of 1st period - Deflect By Craig Smith.
6:06 of 1st period - Goal by Craig Smith - Little Stars : 0 - Mustangs : 1.
6:07 of 1st period - Melker Karlsson wins face-off versus Evgeny Kuznetsov in neutral zone.
6:51 of 1st period - Icing by Zach Budish.
6:52 of 1st period - Nick Schmaltz wins face-off versus Jason Dickinson in Little Stars zone.
7:27 of 1st period - Wrist shot by Josh Jooris.
7:27 of 1st period - Shot Hit the Post.
7:43 of 1st period - Wrist shot by Zach Budish.
7:43 of 1st period - Deflect By Roman Josi.
7:43 of 1st period - Shot Blocked by Craig Smith.
7:43 of 1st period - Puck is out of play.
7:44 of 1st period - Stefan Matteau wins face-off versus Michael Mersch in Mustangs zone.
8:07 of 1st period - Dana Tyrell is hit by Josh Jooris and loses puck.
8:56 of 1st period - Snap shot by Craig Smith.
8:56 of 1st period - Deflect By Chrstian Dvorak.
8:56 of 1st period - Stopped by Matt Murray with a rebound.
9:14 of 1st period - Wrist shot by Shane Gersich.
9:14 of 1st period - Shot Hit the Post.
9:21 of 1st period - Off-side.
9:22 of 1st period - Evgeny Kuznetsov wins face-off versus Melker Karlsson in neutral zone.
10:08 of 1st period - Minor Penalty to Raphael Bussieres for Hooking.
10:09 of 1st period - Evgeny Kuznetsov wins face-off versus Melker Karlsson in Mustangs zone.
12:08 of 1st period - Penalty to Raphael Bussieres is over, Raphael Bussieres is back on ice.
12:23 of 1st period - Snap shot by Sebastian Wannstrom.
12:23 of 1st period - Deflect By Emile Poirier.
12:23 of 1st period - Shot Blocked by Max Gortz.
12:23 of 1st period - Puck is out of play.
12:24 of 1st period - Nick Schmaltz wins face-off versus Daniel O'regan in Mustangs zone.
12:35 of 1st period - Wrist shot by Daniel O'regan.
12:35 of 1st period - Stopped by Chet Pickard with a rebound.
12:37 of 1st period - Slapshot by Anton Cederholm.
12:37 of 1st period - Shot Misses the Net.
12:39 of 1st period - Slapshot by Reece Willcox.
12:39 of 1st period - Stopped by Chet Pickard with a rebound.
12:49 of 1st period - Anton Cederholm is hit by Danny Biega and loses puck.
13:08 of 1st period - Snap shot by Jonathan Drouin.
13:08 of 1st period - Deflect By Josh Jooris.
13:08 of 1st period - Shot Misses the Net.
13:08 of 1st period - Puck is out of play.
13:09 of 1st period - Melker Karlsson wins face-off versus Evgeny Kuznetsov in Little Stars zone.
13:23 of 1st period - Snap shot by Scott Kosmachuck.
13:23 of 1st period - Stopped by Chet Pickard with a rebound.
14:15 of 1st period - Slapshot by Evgeny Kuznetsov.
14:15 of 1st period - Stopped by Chet Pickard with a rebound.
14:17 of 1st period - Slapshot by Evgeny Kuznetsov.
14:17 of 1st period - Stopped by Chet Pickard without a rebound.
14:18 of 1st period - Iven Barbashev wins face-off versus Scott Kosmachuck in Mustangs zone.
14:18 of 1st period - Iven Barbashev is hit by Jesse Joensuu.
14:24 of 1st period - Scott Kosmachuck is hit by Raphael Bussieres and loses puck.
14:50 of 1st period - Wrist shot by Roman Josi.
14:50 of 1st period - Stopped by Matt Murray without a rebound.
14:51 of 1st period - Evgeny Kuznetsov wins face-off versus Melker Karlsson in Little Stars zone.
14:56 of 1st period - Snap shot by Jesse Joensuu.
14:56 of 1st period - Shot Misses the Net.
15:16 of 1st period - Stefan Matteau is hit by Patrick Wiercioch.
15:24 of 1st period - Backhand shot by Stefan Matteau.
15:24 of 1st period - Shot Misses the Net.
15:26 of 1st period - Wrist shot by Chrstian Dvorak.
15:26 of 1st period - Shot Misses the Net.
15:28 of 1st period - Snap shot by Stefan Matteau.
15:28 of 1st period - Shot Misses the Net.
15:58 of 1st period - Minor Penalty to Eric Knodel for Holding.
15:59 of 1st period - Evgeny Kuznetsov wins face-off versus Josh Jooris in Little Stars zone.
16:28 of 1st period - Snap shot by Stefan Matteau.
16:28 of 1st period - Stopped by Matt Murray with a rebound.
17:03 of 1st period - Michael Mersch is hit by Stefan Matteau and loses puck.
17:13 of 1st period - Off-side.
17:14 of 1st period - Josh Jooris wins face-off versus Jesse Joensuu in neutral zone.
17:58 of 1st period - Penalty to Eric Knodel is over, Eric Knodel is back on ice.
18:05 of 1st period - Snap shot by Tyson Barrie.
18:05 of 1st period - Shot Misses the Net.
18:07 of 1st period - Snap shot by Emile Poirier.
18:07 of 1st period - Shot Blocked by Ryan Pulock.
18:09 of 1st period - Slapshot by Tyson Barrie.
18:09 of 1st period - Goal by Tyson Barrie - Little Stars : 1 - Mustangs : 1.
18:10 of 1st period - Melker Karlsson wins face-off versus Evgeny Kuznetsov in neutral zone.
18:15 of 1st period - Snap shot by Jonathan Drouin.
18:15 of 1st period - Stopped by Matt Murray with a rebound.
18:37 of 1st period - Zach Budish is hit by Alexei Marchenko.
18:43 of 1st period - Snap shot by Stefan Matteau.
18:43 of 1st period - Shot Blocked by Dana Tyrell.
19:21 of 1st period - Snap shot by Daniel O'regan.
19:21 of 1st period - Shot Misses the Net.
19:23 of 1st period - Snap shot by Daniel O'regan.
19:23 of 1st period - Stopped by Chet Pickard without a rebound.
19:24 of 1st period - Evgeny Kuznetsov wins face-off versus Melker Karlsson in Mustangs zone.
19:35 of 1st period - Wrist shot by Jesse Joensuu.
19:35 of 1st period - Stopped by Chet Pickard with a rebound.
19:37 of 1st period - Wrist shot by Jesse Joensuu.
19:37 of 1st period - Shot Misses the Net.
19:39 of 1st period - Minor Penalty to Josh Jooris for Hooking.
19:40 of 1st period - Melker Karlsson wins face-off versus Evgeny Kuznetsov in Mustangs zone.
Goals for this period are 1 for Little Stars vs 1 for Mustangs.
Shots for this period are 12 for Little Stars vs 11 for Mustangs.
2nd period
0:01 of 2nd period - Evgeny Kuznetsov wins face-off versus Melker Karlsson in neutral zone.
0:14 of 2nd period - Alexei Marchenko is hit by Tyson Barrie and loses puck.
0:46 of 2nd period - Stefan Matteau is hit by Patrick Wiercioch and loses puck.
1:15 of 2nd period - Icing by Eric Knodel.
1:16 of 2nd period - Stefan Matteau wins face-off versus Evgeny Kuznetsov in Little Stars zone.
1:23 of 2nd period - Wrist shot by Stefan Matteau.
1:23 of 2nd period - Shot Misses the Net.
1:35 of 2nd period - Zach Budish is hit by Curtis Hamilton.
1:39 of 2nd period - Penalty to Josh Jooris is over, Josh Jooris is back on ice.
2:20 of 2nd period - Anton Cederholm is hit by Roman Josi and loses puck.
2:56 of 2nd period - Snap shot by Evgeny Kuznetsov.
2:56 of 2nd period - Stopped by Chet Pickard without a rebound.
2:57 of 2nd period - Iven Barbashev wins face-off versus Scott Kosmachuck in Mustangs zone.
2:57 of 2nd period - Iven Barbashev is hit by Tyler Wotherspoon.
3:31 of 2nd period - Icing by Patrick Wiercioch.
3:32 of 2nd period - Melker Karlsson wins face-off versus Daniel O'regan in Little Stars zone.
3:35 of 2nd period - Wrist shot by Melker Karlsson.
3:35 of 2nd period - Stopped by Matt Murray without a rebound.
3:36 of 2nd period - Evgeny Kuznetsov wins face-off versus Melker Karlsson in Little Stars zone.
3:36 of 2nd period - Evgeny Kuznetsov is hit by Melker Karlsson.
3:42 of 2nd period - Snap shot by Scott Kosmachuck.
3:42 of 2nd period - Stopped by Chet Pickard without a rebound.
3:43 of 2nd period - Josh Jooris wins face-off versus Evgeny Kuznetsov in Mustangs zone.
3:49 of 2nd period - Icing by Roman Josi.
3:50 of 2nd period - Melker Karlsson wins face-off versus Jesse Joensuu in Mustangs zone.
3:55 of 2nd period - Tyson Barrie is hit by Josh Jooris and loses puck.
4:26 of 2nd period - Wrist shot by Dana Tyrell.
4:26 of 2nd period - Stopped by Chet Pickard without a rebound.
4:27 of 2nd period - Melker Karlsson wins face-off versus Evgeny Kuznetsov in Mustangs zone.
4:36 of 2nd period - Snap shot by Evgeny Kuznetsov.
4:36 of 2nd period - Stopped by Chet Pickard without a rebound.
4:37 of 2nd period - Melker Karlsson wins face-off versus Evgeny Kuznetsov in Mustangs zone.
4:42 of 2nd period - Wrist shot by Jesse Joensuu.
4:42 of 2nd period - Shot Misses the Net.
4:44 of 2nd period - Wrist shot by Jesse Joensuu.
4:44 of 2nd period - Shot Blocked by Dakota Mermis.
4:56 of 2nd period - Wrist shot by Scott Kosmachuck.
4:56 of 2nd period - Shot Misses the Net.
4:58 of 2nd period - Wrist shot by Scott Kosmachuck.
4:58 of 2nd period - Stopped by Chet Pickard with a rebound.
5:00 of 2nd period - Slapshot by Eric Knodel.
5:00 of 2nd period - Shot Blocked by Melker Karlsson.
5:02 of 2nd period - Slapshot by Scott Kosmachuck.
5:02 of 2nd period - Shot Blocked by Dakota Mermis.
5:04 of 2nd period - Slapshot by Eric Knodel.
5:04 of 2nd period - Shot Misses the Net.
5:06 of 2nd period - Slapshot by Eric Knodel.
5:06 of 2nd period - Stopped by Chet Pickard without a rebound.
5:07 of 2nd period - Dana Tyrell wins face-off versus Stefan Matteau in Mustangs zone.
5:08 of 2nd period - Snap shot by Michael Mersch.
5:08 of 2nd period - Stopped by Chet Pickard with a rebound.
5:10 of 2nd period - Slapshot by Dana Tyrell.
5:10 of 2nd period - Deflect By Zach Budish.
5:10 of 2nd period - Shot Misses the Net.
5:10 of 2nd period - Puck is out of play.
5:11 of 2nd period - Dana Tyrell wins face-off versus Stefan Matteau in Mustangs zone.
5:19 of 2nd period - Alexei Marchenko is hit by Tyler Wotherspoon and loses puck.
5:44 of 2nd period - Wrist shot by Jonathan Drouin.
5:44 of 2nd period - Stopped by Matt Murray with a rebound.
6:02 of 2nd period - Slapshot by Eric Knodel.
6:02 of 2nd period - Deflect By Daniil Tarasov.
6:02 of 2nd period - Stopped by Chet Pickard without a rebound.
6:03 of 2nd period - Nick Schmaltz wins face-off versus Jason Dickinson in Mustangs zone.
6:08 of 2nd period - Wrist shot by Curtis Hamilton.
6:08 of 2nd period - Stopped by Matt Murray with a rebound.
6:10 of 2nd period - Snap shot by Curtis Hamilton.
6:10 of 2nd period - Stopped by Matt Murray without a rebound.
6:11 of 2nd period - Melker Karlsson wins face-off versus Evgeny Kuznetsov in Little Stars zone.
6:12 of 2nd period - Slapshot by Jonathan Drouin.
6:12 of 2nd period - Shot Blocked by Tyson Barrie.
6:14 of 2nd period - Slapshot by Dakota Mermis.
6:14 of 2nd period - Stopped by Matt Murray with a rebound.
6:48 of 2nd period - Off-side.
6:49 of 2nd period - Daniel O'regan wins face-off versus Melker Karlsson in neutral zone.
7:02 of 2nd period - Wrist shot by Melker Karlsson.
7:02 of 2nd period - Stopped by Matt Murray with a rebound.
7:04 of 2nd period - Slapshot by Josh Jooris.
7:04 of 2nd period - Shot Misses the Net.
7:32 of 2nd period - Icing by Ryan Pulock.
7:33 of 2nd period - Dana Tyrell wins face-off versus Nick Schmaltz in Mustangs zone.
7:46 of 2nd period - Slapshot by Tyson Barrie.
7:46 of 2nd period - Deflect By Curtis Hamilton.
7:46 of 2nd period - Stopped by Chet Pickard with a rebound.
7:48 of 2nd period - Slapshot by Tyler Wotherspoon.
7:48 of 2nd period - Stopped by Chet Pickard with a rebound.
7:58 of 2nd period - Snap shot by Jonathan Drouin.
7:58 of 2nd period - Shot Blocked by Tyler Wotherspoon.
8:51 of 2nd period - Minor Penalty to Reece Willcox for Holding.
8:52 of 2nd period - Evgeny Kuznetsov wins face-off versus Melker Karlsson in Little Stars zone.
9:43 of 2nd period - Snap shot by Scott Kosmachuck.
9:43 of 2nd period - Stopped by Chet Pickard without a rebound.
9:44 of 2nd period - Melker Karlsson wins face-off versus Jesse Joensuu in Mustangs zone.
10:09 of 2nd period - Wrist shot by Melker Karlsson.
10:09 of 2nd period - Shot Misses the Net.
10:51 of 2nd period - Penalty to Reece Willcox is over, Reece Willcox is back on ice.
11:05 of 2nd period - Slapshot by Emile Poirier.
11:05 of 2nd period - Shot Misses the Net.
11:27 of 2nd period - Slapshot by Alexei Marchenko.
11:27 of 2nd period - Deflect By Reece Willcox.
11:27 of 2nd period - Stopped by Matt Murray without a rebound.
11:28 of 2nd period - Melker Karlsson wins face-off versus Evgeny Kuznetsov in Little Stars zone.
11:50 of 2nd period - Snap shot by Jonathan Drouin.
11:50 of 2nd period - Shot Blocked by Patrick Wiercioch.
11:52 of 2nd period - Snap shot by Stefan Matteau.
11:52 of 2nd period - Shot Blocked by Patrick Wiercioch.
13:08 of 2nd period - Icing by Emile Poirier.
13:09 of 2nd period - Stefan Matteau wins face-off versus Daniel O'regan in Little Stars zone.
13:22 of 2nd period - Wrist shot by Stefan Matteau.
13:22 of 2nd period - Stopped by Matt Murray without a rebound.
13:23 of 2nd period - Melker Karlsson wins face-off versus Scott Kosmachuck in Little Stars zone.
13:55 of 2nd period - Slapshot by Tyson Barrie.
13:55 of 2nd period - Shot Blocked by Matthew Finn.
13:57 of 2nd period - Slapshot by Daniel O'regan.
13:57 of 2nd period - Stopped by Chet Pickard without a rebound.
13:58 of 2nd period - Jesse Joensuu wins face-off versus Stefan Matteau in Mustangs zone.
14:09 of 2nd period - Slapshot by Eric Knodel.
14:09 of 2nd period - Deflect By Scott Kosmachuck.
14:09 of 2nd period - Goal by Scott Kosmachuck - Little Stars : 2 - Mustangs : 1.
14:10 of 2nd period - Evgeny Kuznetsov wins face-off versus Melker Karlsson in neutral zone.
14:21 of 2nd period - Wrist shot by Melker Karlsson.
14:21 of 2nd period - Stopped by Matt Murray with a rebound.
14:38 of 2nd period - Stefan Matteau is hit by Dana Tyrell and loses puck.
14:59 of 2nd period - Wrist shot by Nick Schmaltz.
14:59 of 2nd period - Shot Blocked by Eric Knodel.
15:01 of 2nd period - Slapshot by Alexei Marchenko.
15:01 of 2nd period - Stopped by Matt Murray with a rebound.
15:03 of 2nd period - Slapshot by Alexei Marchenko.
15:03 of 2nd period - Stopped by Matt Murray with a rebound.
15:21 of 2nd period - Snap shot by Jonathan Drouin.
15:21 of 2nd period - Stopped by Matt Murray without a rebound.
15:22 of 2nd period - Jonathan Drouin wins face-off versus Evgeny Kuznetsov in Little Stars zone.
15:35 of 2nd period - Snap shot by Jonathan Drouin.
15:35 of 2nd period - Shot Blocked by Reece Willcox.
15:37 of 2nd period - Snap shot by Jonathan Drouin.
15:37 of 2nd period - Stopped by Matt Murray with a rebound.
15:47 of 2nd period - Snap shot by Nick Schmaltz.
15:47 of 2nd period - Stopped by Matt Murray with a rebound.
15:49 of 2nd period - Slapshot by Ryan Pulock.
15:49 of 2nd period - Stopped by Matt Murray with a rebound.
15:51 of 2nd period - Slapshot by Ryan Pulock.
15:51 of 2nd period - Shot Blocked by Anton Cederholm.
15:53 of 2nd period - Wrist shot by Curtis Hamilton.
15:53 of 2nd period - Shot Misses the Net.
15:55 of 2nd period - Slapshot by Dakota Mermis.
15:55 of 2nd period - Deflect By Evgeny Kuznetsov.
15:55 of 2nd period - Stopped by Matt Murray without a rebound.
15:56 of 2nd period - Dana Tyrell wins face-off versus Melker Karlsson in Little Stars zone.
15:56 of 2nd period - Dana Tyrell is hit by Melker Karlsson.
16:03 of 2nd period - Tyson Barrie is hit by Jonathan Drouin.
16:05 of 2nd period - Snap shot by Zach Budish.
16:05 of 2nd period - Shot Misses the Net.
16:34 of 2nd period - Wrist shot by Stefan Matteau.
16:34 of 2nd period - Deflect By Craig Smith.
16:34 of 2nd period - Stopped by Matt Murray without a rebound.
16:35 of 2nd period - Stefan Matteau wins face-off versus Evgeny Kuznetsov in Little Stars zone.
17:11 of 2nd period - Snap shot by Josh Jooris.
17:11 of 2nd period - Stopped by Matt Murray with a rebound.
17:23 of 2nd period - Minor Penalty to Melker Karlsson for Holding.
17:24 of 2nd period - Stefan Matteau wins face-off versus Jesse Joensuu in Mustangs zone.
17:24 of 2nd period - Josh Jooris is hit by Jesse Joensuu and loses puck.
18:13 of 2nd period - Snap shot by Stefan Matteau.
18:13 of 2nd period - Shot Misses the Net.
18:33 of 2nd period - Snap shot by Eric Knodel.
18:33 of 2nd period - Deflect By Dana Tyrell.
18:33 of 2nd period - Shot Misses the Net.
18:33 of 2nd period - Puck is out of play.
18:34 of 2nd period - Nick Schmaltz wins face-off versus Dana Tyrell in Mustangs zone.
18:51 of 2nd period - Minor Penalty to Jesse Joensuu for Tripping.
18:52 of 2nd period - Stefan Matteau wins face-off versus Evgeny Kuznetsov in Little Stars zone.
19:23 of 2nd period - Penalty to Melker Karlsson is over, Melker Karlsson is back on ice.
19:27 of 2nd period - Snap shot by Melker Karlsson.
19:27 of 2nd period - Shot Misses the Net.
19:31 of 2nd period - Snap shot by Melker Karlsson.
19:31 of 2nd period - Shot Blocked by Tyler Wotherspoon.
19:33 of 2nd period - Slapshot by Alexei Marchenko.
19:33 of 2nd period - Stopped by Matt Murray with a rebound.
19:35 of 2nd period - Slapshot by Alexei Marchenko.
19:35 of 2nd period - Deflect By Melker Karlsson.
19:35 of 2nd period - Stopped by Matt Murray without a rebound.
19:36 of 2nd period - Daniil Tarasov wins face-off versus Stefan Matteau in Little Stars zone.
Goals for this period are 1 for Little Stars vs 0 for Mustangs.
Shots for this period are 13 for Little Stars vs 20 for Mustangs.
3rd period
0:01 of 3rd period - Evgeny Kuznetsov wins face-off versus Melker Karlsson in neutral zone.
0:29 of 3rd period - Wrist shot by Craig Smith.
0:29 of 3rd period - Stopped by Matt Murray without a rebound.
0:30 of 3rd period - Melker Karlsson wins face-off versus Scott Kosmachuck in Little Stars zone.
0:37 of 3rd period - Slapshot by Jonathan Drouin.
0:37 of 3rd period - Shot Misses the Net.
0:39 of 3rd period - Slapshot by Ryan Pulock.
0:39 of 3rd period - Stopped by Matt Murray without a rebound.
0:40 of 3rd period - Melker Karlsson wins face-off versus Evgeny Kuznetsov in Little Stars zone.
0:51 of 3rd period - Penalty to Jesse Joensuu is over, Jesse Joensuu is back on ice.
1:20 of 3rd period - Slapshot by Melker Karlsson.
1:20 of 3rd period - Stopped by Matt Murray without a rebound.
1:21 of 3rd period - Daniel O'regan wins face-off versus Stefan Matteau in Little Stars zone.
1:21 of 3rd period - Daniel O'regan is hit by Craig Smith.
1:27 of 3rd period - Slapshot by Tyler Wotherspoon.
1:27 of 3rd period - Stopped by Chet Pickard with a rebound.
1:43 of 3rd period - Minor Penalty to Craig Smith for Roughing.
1:44 of 3rd period - Melker Karlsson wins face-off versus Evgeny Kuznetsov in Mustangs zone.
2:41 of 3rd period - Slapshot by Eric Knodel.
2:41 of 3rd period - Shot Blocked by Melker Karlsson.
2:43 of 3rd period - Slapshot by Patrick Wiercioch.
2:43 of 3rd period - Deflect By Ryan Pulock.
2:43 of 3rd period - Stopped by Chet Pickard with a rebound.
2:45 of 3rd period - Slapshot by Patrick Wiercioch.
2:45 of 3rd period - Shot Misses the Net.
2:47 of 3rd period - Slapshot by Michael Mersch.
2:47 of 3rd period - Shot Misses the Net.
2:49 of 3rd period - Snap shot by Eric Knodel.
2:49 of 3rd period - Shot Misses the Net.
2:51 of 3rd period - Slapshot by Patrick Wiercioch.
2:51 of 3rd period - Shot Misses the Net.
3:03 of 3rd period - Snap shot by Dana Tyrell.
3:03 of 3rd period - Deflect By Zach Budish.
3:03 of 3rd period - Goal by Zach Budish - Little Stars : 3 - Mustangs : 1.
3:04 of 3rd period - Evgeny Kuznetsov wins face-off versus Stefan Matteau in neutral zone.
3:26 of 3rd period - Icing by Chrstian Dvorak.
3:27 of 3rd period - Daniel O'regan wins face-off versus Stefan Matteau in Mustangs zone.
3:58 of 3rd period - Backhand shot by Josh Jooris.
3:58 of 3rd period - Deflect By Melker Karlsson.
3:58 of 3rd period - Shot Blocked by Scott Kosmachuck.
3:58 of 3rd period - Puck is out of play.
3:59 of 3rd period - Evgeny Kuznetsov wins face-off versus Melker Karlsson in Little Stars zone.
4:01 of 3rd period - Icing by Tyson Barrie.
4:02 of 3rd period - Melker Karlsson wins face-off versus Evgeny Kuznetsov in Little Stars zone.
4:15 of 3rd period - Tyson Barrie is hit by Melker Karlsson and loses puck.
4:58 of 3rd period - Slapshot by Tyler Wotherspoon.
4:58 of 3rd period - Stopped by Chet Pickard with a rebound.
5:37 of 3rd period - Danny Biega is hit by Evgeny Kuznetsov and loses puck.
6:02 of 3rd period - Minor Penalty to Michael Mersch for Holding.
6:03 of 3rd period - Melker Karlsson wins face-off versus Evgeny Kuznetsov in Little Stars zone.
8:02 of 3rd period - Penalty to Michael Mersch is over, Michael Mersch is back on ice.
8:33 of 3rd period - Iven Barbashev is hit by Reece Willcox.
8:55 of 3rd period - Wrist shot by Iven Barbashev.
8:55 of 3rd period - Shot Blocked by Evgeny Kuznetsov.
9:36 of 3rd period - Tyson Barrie is hit by Chrstian Dvorak and loses puck.
9:47 of 3rd period - Tyson Barrie is hit by Raphael Bussieres and loses puck.
10:12 of 3rd period - Raphael Bussieres is hit by Patrick Wiercioch and loses puck.
10:29 of 3rd period - Ryan Pulock is hit by Eric Knodel and loses puck.
11:26 of 3rd period - Wrist shot by Stefan Matteau.
11:26 of 3rd period - Stopped by Matt Murray without a rebound.
11:27 of 3rd period - Nick Schmaltz wins face-off versus Zach Budish in Little Stars zone.
11:34 of 3rd period - Backhand shot by Curtis Hamilton.
11:34 of 3rd period - Stopped by Matt Murray with a rebound.
11:52 of 3rd period - Roman Josi is hit by Jesse Joensuu and loses puck.
12:20 of 3rd period - Off-side.
12:21 of 3rd period - Michael Mersch wins face-off versus Stefan Matteau in neutral zone.
12:30 of 3rd period - Zach Budish is hit by Stefan Matteau and loses puck.
12:51 of 3rd period - Slapshot by Nick Schmaltz.
12:51 of 3rd period - Goal by Nick Schmaltz - Little Stars : 3 - Mustangs : 2.
12:52 of 3rd period - Melker Karlsson wins face-off versus Jesse Joensuu in neutral zone.
13:01 of 3rd period - Tyler Wotherspoon is hit by Josh Jooris and loses puck.
13:06 of 3rd period - Wrist shot by Josh Jooris.
13:06 of 3rd period - Deflect By Jonathan Drouin.
13:06 of 3rd period - Stopped by Matt Murray without a rebound.
13:07 of 3rd period - Dana Tyrell wins face-off versus Stefan Matteau in Little Stars zone.
13:07 of 3rd period - Dana Tyrell is hit by Alexei Marchenko.
13:21 of 3rd period - Wrist shot by Dana Tyrell.
13:21 of 3rd period - Deflect By Michael Mersch.
13:21 of 3rd period - Shot Misses the Net.
13:21 of 3rd period - Puck is out of play.
13:22 of 3rd period - Evgeny Kuznetsov wins face-off versus Melker Karlsson in Mustangs zone.
14:10 of 3rd period - Minor Penalty to Zach Budish for Slashing.
14:11 of 3rd period - Melker Karlsson wins face-off versus Evgeny Kuznetsov in Little Stars zone.
14:13 of 3rd period - Wrist shot by Jonathan Drouin.
14:13 of 3rd period - Shot Blocked by Evgeny Kuznetsov.
14:15 of 3rd period - Slapshot by Ryan Pulock.
14:15 of 3rd period - Stopped by Matt Murray without a rebound.
14:16 of 3rd period - Melker Karlsson wins face-off versus Evgeny Kuznetsov in Little Stars zone.
15:00 of 3rd period - Icing by Ryan Pulock.
15:01 of 3rd period - Evgeny Kuznetsov wins face-off versus Stefan Matteau in Mustangs zone.
16:10 of 3rd period - Penalty to Zach Budish is over, Zach Budish is back on ice.
16:58 of 3rd period - Snap shot by Iven Barbashev.
16:58 of 3rd period - Stopped by Matt Murray with a rebound.
17:44 of 3rd period - Wrist shot by Curtis Hamilton.
17:44 of 3rd period - Shot Misses the Net.
17:50 of 3rd period - Patrick Wiercioch is hit by Alex Tuch and loses puck.
18:07 of 3rd period - Slapshot by Eric Knodel.
18:07 of 3rd period - Shot Misses the Net.
18:09 of 3rd period - Snap shot by Jesse Joensuu.
18:09 of 3rd period - Deflect By Evgeny Kuznetsov.
18:09 of 3rd period - Shot Blocked by Curtis Hamilton.
18:09 of 3rd period - Puck is out of play.
18:10 of 3rd period - Iven Barbashev wins face-off versus Daniel O'regan in Mustangs zone.
18:15 of 3rd period - Emile Poirier is hit by Dakota Mermis and loses puck.
19:00 of 3rd period - Mustangs, Chet Pickard is pulled from the net.
19:02 of 3rd period - Snap shot by Josh Jooris.
19:02 of 3rd period - Shot Blocked by Daniel O'regan.
19:08 of 3rd period - Josh Jooris is hit by Scott Kosmachuck and loses puck.
19:19 of 3rd period - Backhand shot by Daniel O'regan.
19:19 of 3rd period - Shot Misses the Net.
19:21 of 3rd period - Snap shot by Scott Kosmachuck.
19:21 of 3rd period - Shot Misses the Net.
19:29 of 3rd period - Slapshot by Scott Kosmachuck.
19:29 of 3rd period - Goal by Scott Kosmachuck - Little Stars : 4 - Mustangs : 2.
19:29 of 3rd period - Chet Pickard from Mustangs was sent back in the game.
19:30 of 3rd period - Evgeny Kuznetsov wins face-off versus Nick Schmaltz in neutral zone.
19:46 of 3rd period - Snap shot by Nick Schmaltz.
19:46 of 3rd period - Stopped by Matt Murray without a rebound.
19:47 of 3rd period - Evgeny Kuznetsov wins face-off versus Iven Barbashev in Little Stars zone.
19:49 of 3rd period - Minor Penalty to Scott Kosmachuck for Hooking.
19:50 of 3rd period - Evgeny Kuznetsov wins face-off versus Melker Karlsson in Little Stars zone.
Goals for this period are 2 for Little Stars vs 1 for Mustangs.
Shots for this period are 5 for Little Stars vs 10 for Mustangs.
Back to the Top